AoeStats
← Carple

Golden Pit

507850899Analyzed
1v1 RM · 13d ago on Sep 19, 2026· 50m 14s· 2 players
Game mode
Random Map
Map size
Tiny (2 player)
Population
200
Speed
Normal
Resources
Standard
Victory
Conquest
Starting age
Dark Age
Ending age
Imperial Age
RankedLock teamsTeams togetherTeam positionsShared explorationLock speedFull tech treeHidden civsTurbo modeCheats
Victory
Defeat
🇺🇸 Bengalis · United States
1286
+15
🇨🇦 Teutons · Canada
1270
-15
Carple
6:02 Loom
11:25 Feudal Age
12:22 Double-Bit Axe
15:40 Horse Collar
18:16 Castle Age
16:52 Fletching
17:14 Forging
17:30 Arson
17:50 Scale Mail Armor
18:07 Stone Mining
18:41 Gold Mining
19:44 Squires
21:54 Iron Casting
24:15 Bodkin Arrow
25:56 Scale Barding Armor
26:35 Bloodlines
28:22 Chain Barding Armor
38:39 Pikeman
39:48 Chain Mail Armor
40:10 Bow Saw
48:20 Gambesons
KahTuc
5:47 Loom
9:25 Feudal Age
17:16 Castle Age
15:34 Double-Bit Axe
15:49 Horse Collar
16:26 Fletching
18:37 Bow Saw
18:58 Gold Mining
23:03 Bloodlines
27:03 Forging
30:54 Husbandry
35:01 Scale Mail Armor
35:09 Scale Barding Armor
36:33 Iron Casting
51:10 Imperial Age
Connection lost

Rejoining the realm…

Still unreachable

The connection could not be restored.

Session expired

The server has moved on; the page needs a fresh start.